Map: Ascension vers Aïur EC

Players

Namshar

  • Race: Zerg Zerg
  • League: Grandmaster
  • Spawn Location: 11:00

llllllllllll - Winner!

  • Race: Protoss Protoss
  • League: Grandmaster
  • Spawn Location: 5:00

VOD

Have the link to the VOD?

Description

Time

  • Played on: Jan. 2, 2018, 4:30 p.m.
  • Length: 10:22
Show
View Real Time Build Order
Export as new Build Order

Namshar Zerg 

Build Orders: Hatch First 

Get SALT Encoding   

  12  0:00  Drone  
  13  0:12  Overlord  
  13  0:17  Drone  
  14  0:31  Drone x2  
  14  0:34  Drone  
  17  0:51  Hatchery  
  17  0:54  Drone  
  17  0:57  Drone  
  18  1:08  Extractor  
  17  1:12  Spawning Pool  
  17  1:15  Drone  
  17  1:18  Drone  
  18  1:27  Drone  
  19  1:38  Overlord  
  19  1:49  Drone  
  20  1:59  Queen  
  20  2:00  Zergling x2  
  25  2:08  Roach Warren  
  22  2:20  Hatchery  
  21  2:27  Overlord, Drone  
  24  2:51  Roach x2  
  24  2:53  Roach  
  28  3:08  Roach x4  
  28  3:11  Queen  
  38  3:18  Overlord  
  33  3:42  Roach x3  
  33  3:45  Ravager  
  33  3:47  Drone  
  41  3:55  Drone  
  42  4:00  Ravager  
  43  4:08  Drone  
  44  4:17  Drone x4  
  48  4:29  Hatchery  
  47  4:34  Overlord  
  47  4:35  Drone x3  
  50  4:40  Ravager  
  50  4:44  Drone  
  52  4:46  Overlord  
  52  4:51  Queen  
  54  4:55  Drone  
  54  4:56  Drone x2  
  57  5:03  Metabolic Boost  
  57  5:07  Drone x3  
  60  5:16  Overlord  
  60  5:24  Drone  
  60  5:25  Extractor  
  60  5:26  Drone x3  
  63  5:31  Overlord, Drone  
  64  5:36  Overlord  
  64  5:42  Roach x4  
  72  5:45  Overlord  
  72  5:51  Overlord  
  72  5:55  Zergling x2  
  73  6:05  Roach  
  73  6:06  Roach x3  
  73  6:07  Overlord  
  73  6:10  Roach, Zergling x6  
  86  6:13  Queen  
  86  6:18  Overlord  
  88  6:21  Roach x2  
  92  6:27  Extractor, Drone  
  92  6:29  Drone  
  92  6:30  Drone  
  92  6:31  Drone  
  94  6:47  Ravager  
  94  6:48  Overlord x2  
  94  6:49  Roach x3  
  100  6:55  Roach x2  
  100  6:56  Roach  
  100  6:57  Zergling x4  
  108  7:06  Overlord  
  107  7:09  Ravager  
  107  7:10  Zergling x16  
  116  7:17  Ravager  
  116  7:21  Overlord  
  117  7:23  Roach x2, Zergling x6  
  124  7:30  Overlord  
  124  7:38  Roach x4  
  124  7:39  Roach  
  134  7:45  Overlord  
  134  7:50  Roach x3  
  140  7:57  Overlord  
  140  7:58  Roach  
  140  7:59  Roach x2  
  140  8:05  Ravager  
  147  8:06  Overlord  
  147  8:12  Roach x2  
  151  8:13  Roach  
  144  8:21  Roach  
  144  8:22  Roach  
  144  8:25  Roach, Zergling x6  
  97  8:34  Roach  
  97  8:35  Roach x3  
  97  8:40  Roach, Zergling x4  
  92  8:49  Drone  
  92  8:50  Drone x5  
  92  8:52  Roach  
  98  9:05  Drone x3  
  98  9:07  Evolution Chamber  
  99  9:14  Evolution Chamber  
  99  9:15  Lair  
  98  9:19  Drone x2  
  98  9:20  Extractor x2, Drone x3  
  98  9:21  Drone x3  
  98  9:23  Drone  
  105  9:24  Extractor  
  105  9:27  Drone  
  105  9:28  Drone  
  105  9:29  Drone  
  107  9:32  Overlord  
  107  9:35  Ravager  
  107  9:36  Ravager  
  107  9:37  Roach x2  
  114  9:38  Ravager  
  114  9:39  Ravager  
  114  9:41  Roach  
  114  9:42  Roach  
  119  9:47  Roach x2  
  122  9:53  Roach x3  
Show
View Real Time Build Order
Export as new Build Order

llllllllllll Protoss - Winner!

Build Orders: Cannon Rush, Zealot Archon 

Get SALT Encoding   

  12  0:00  Probe  
  13  0:13  Probe  
  14  0:18  Pylon  
  14  0:25  Probe (Chrono Boost)  
  15  0:37  Probe (Chrono Boost)  
  15  0:42  Gateway  
  16  0:45  Probe (Chrono Boost)  
  17  0:51  Probe (Chrono Boost)  
  17  0:55  Forge  
  18  1:03  Probe (Chrono Boost)  
  19  1:04  Assimilator  
  20  1:11  Probe (Chrono Boost)  
  20  1:18  Probe  
  21  1:30  Pylon, Probe  
  22  1:42  Probe  
  23  1:50  Photon Cannon  
  23  1:51  Photon Cannon  
  23  1:52  Photon Cannon  
  23  1:55  Probe  
  24  2:02  Assimilator  
  24  2:08  Probe  
  25  2:20  Probe  
  26  2:31  Nexus  
  26  2:33  Probe  
  27  2:42  Cybernetics Core  
  27  2:46  Probe  
  27  2:51  Pylon  
  28  2:58  Probe  
  28  3:02  Pylon  
  29  3:09  Photon Cannon  
  29  3:12  Probe  
  30  3:21  Robotics Facility  
  31  3:27  Warp Gate  
  31  3:33  Photon Cannon  
  30  3:40  Probe, Stalker  
  33  3:44  Protoss Ground Weapons Level 1 (Chrono Boost)  
  33  3:46  Probe  
  34  3:49  Assimilator  
  34  3:52  Assimilator  
  34  3:53  Probe  
  35  3:58  Probe  
  36  4:05  Probe  
  37  4:10  Immortal (Chrono Boost)  
  42  4:17  Probe (Chrono Boost)  
  42  4:18  Probe (Chrono Boost)  
  42  4:21  Pylon  
  43  4:26  Stalker  
  43  4:28  Probe (Chrono Boost)  
  43  4:30  Probe (Chrono Boost)  
  47  4:36  Probe (Chrono Boost), Twilight Council  
  47  4:38  Probe (Chrono Boost)  
  49  4:42  Probe (Chrono Boost)  
  49  4:43  Probe (Chrono Boost)  
  49  4:44  Immortal (Chrono Boost)  
  55  4:53  Pylon  
  55  4:56  Stalker  
  57  5:04  Probe x2  
  59  5:08  Assimilator  
  59  5:15  Charge  
  59  5:16  Probe  
  60  5:21  Pylon  
  60  5:22  Pylon  
  60  5:29  Protoss Ground Weapons Level 2 (Chrono Boost)  
  60  5:32  Pylon  
  60  5:38  Warp Prism (Chrono Boost)  
  60  5:42  Gateway  
  62  5:43  Gateway  
  62  5:47  Pylon  
  62  5:54  Gateway  
  62  5:55  Gateway  
  62  6:00  Gateway  
  62  6:05  Immortal (Chrono Boost)  
  66  6:12  Gateway  
  66  6:16  Gateway  
  66  6:20  Pylon  
  66  6:24  Templar Archives  
  66  6:30  Zealot  
  68  6:44  Immortal (Chrono Boost)  
  72  6:52  Pylon  
  72  7:05  High Templar x3  
  72  7:06  High Templar  
  72  7:08  Nexus  
  80  7:09  Pylon  
  80  7:20  Zealot x4  
  88  7:26  Archon x2  
  88  7:36  Pylon, High Templar  
  90  7:37  Pylon  
  90  7:38  High Templar  
  90  7:39  Zealot x2  
  90  7:40  Zealot  
  90  7:41  Zealot  
  100  7:44  Archon  
  100  8:00  High Templar x2  
  100  8:01  Zealot x4  
  100  8:02  Zealot  
  100  8:04  Archon  
  102  8:20  Zealot  
  102  8:21  Zealot x3  
  102  8:22  Zealot x2  
  72  8:35  Immortal (Chrono Boost)  
  68  8:46  High Templar x2  
  68  8:47  Zealot x4  
  80  9:01  Archon  
  76  9:03  High Templar x2  
  76  9:09  Archon, Zealot x2  
  84  9:10  Zealot x2  
  88  9:18  Immortal (Chrono Boost)  
  88  9:24  Zealot x2  
  96  9:36  High Templar x2  
  96  9:37  Zealot x3  
  106  9:40  Archon  
  106  9:45  Zealot x2  
  108  10:03  High Templar x2, Zealot  
  108  10:04  Zealot  
  110  10:08  Archon  
  100  10:16  Zealot  
  100  10:17  Zealot x2  
Tags
 
Add a new tag
Caveats
  • Supply blocks, unpowered buildings, or Contaminate may cause inaccurate times.
  • Supply counts are checked every 10 seconds.